 Dungeon Crawl Stone Soup version 0.30-a0-778-g2ef04afb54 (webtiles) character file.

Game seed: 13247005096385449136

35 sircluck the Covert (level 3, -8/28 HPs)
             Began as a Vampire Delver on Feb 15, 2023.
             Mangled by a wyvern (12 damage)
             ... on level 5 of the Dungeon.
             The game lasted 00:00:31 (104 turns).

sircluck the Covert (Vampire Delver)                 Turns: 104, Time: 00:00:32

Health: -8/28      AC:  3    Str: 11    XL:     3   Next: 16%
Magic:  3/3        EV: 12    Int: 12    God:
Gold:   0          SH:  0    Dex: 17    Spells: 2/2 levels left

rFire   . . .      SeeInvis +    a - +0 short sword
rCold   . . .      Faith    .    (no shield)
rNeg    . . .      Spirit   .    b - +0 leather armour
rPois   .          Reflect  .    (no helmet)
rElec   .          Harm     .    (no cloak)
rCorr   .          Rampage  .    (no gloves)
Will    .....                    (no boots)
Stlth   ++++                     (no amulet)
HPRegen 0.44/turn                (no ring)
MPRegen 0.08/turn                (no ring)

@: about to teleport, healing quickly
A: alive, fangs 3, see invisible, vampiric 2
a: Exsanguinate


You were on level 5 of the Dungeon.
You visited 1 branch of the dungeon, and saw 1 of its levels.

Inventory:

Hand Weapons
 a - a +0 short sword (weapon)
Armour
 b - a +0 leather armour (worn)
Wands
 g - a wand of digging (3)
Scrolls
 c - a scroll of fog
 d - a scroll of magic mapping
 e - a scroll of fear
 i - a scroll of enchant weapon {unknown}
 j - a scroll of identify {unknown}
Potions
 f - a potion of haste


   Skills:
 + Level 2.9 Fighting
 + Level 2.5 Short Blades
 + Level 2.3 Dodging
 + Level 8.2 Stealth


You had 2 spell levels left.
You didn't know any spells.
Your spell library was empty.

Dungeon Overview and Level Annotations

Branches:
Dungeon (5/15)
 Temple: D:4-7

Altars:

Shops:
D:5 *(


Innate Abilities, Weirdness & Mutations

Your natural rate of healing is accelerated.
You have razor-sharp teeth.
You have supernaturally acute eyesight. (SInv)
You are afflicted with vampirism and can become a bat while bloodless.


Message History

You kill the dart slug!
No target in view!
No target in view!
No target in view!
No target in view!
No target in view!
No target in view!
No target in view!
No target in view!
i - a scroll labelled FUUBAN MICI
Found Orenasul's Antique Weapon Boutique.
j - a scroll labelled MASUOJ ZOQIEFUSOA
There is an entrance to Orenasul's Antique Weapon Boutique here.
An ogre comes into view. It is wielding a +0 giant club.
An ogre is nearby!
An ogre is nearby!
An ogre is nearby!
A wyvern and 2 orc priests come into view.
The wyvern hisses angrily.
The orc priest shouts!
A shadow imp comes into view.
Found Neobos's Assorted Antiques.
The ogre shouts!
The shadow imp shouts!
The wyvern completely misses you.
You hit the wyvern.
The wyvern is lightly wounded.
The wyvern bites you!
Ouch! That really hurt!
An orc wizard comes into view. It is wielding a +0 dagger.
The wyvern bites you!
* * * LOW HITPOINT WARNING * * *
You are too injured to fight recklessly!
The wyvern attacks as you move away! The wyvern completely misses you.
The orc priest miscasts a cantrip.
The orc priest casts a cantrip, but nothing happens.
The wyvern bites you.
* * * LOW HITPOINT WARNING * * *
As you read the scroll labelled GOCLUL SOPS, it crumbles to dust.
You feel strangely unstable.
It was a scroll of teleportation.
The wyvern bites you!
You die...

#.#.### #..##... .#
....##.... .###..###
##... ..... #... ##..##
#... #..# ##.#
#.######..# ##.
#...oOl@..# ######..
#...5o###.########.....#.
#.##.. #.........≈....#.
#.. #######..§.≈...#. o∩.
#.≈...≈..## ...#
#≈..∩..≈.# ##..
#.≈...§..# #.. #..§.≈§..#
#..§§.§..#


You could see a wyvern, an ogre, 2 orc priests and a shadow imp.

Vanquished Creatures
  A hound (D:5)
  2 dart slugs (D:5)
3 creatures vanquished.

Notes
Turn   | Place    | Note
-------+----------+-------------------------------------------
     0 | D:5      | sircluck the Vampire Delver began the quest for the Orb.
     0 | D:5      | Reached XP level 1. HP: 17/17 MP: 1/1
     5 | D:5      | Noticed a hound
    18 | D:5      | Killed a hound
    19 | D:5      | Reached skill level 8 in Stealth
    19 | D:5      | Reached XP level 2. HP: 14/23 MP: 2/2
    19 | D:5      | Gained mutation: You are afflicted with vampirism and can
                  | become a bat while bloodless. [Vampire growth]
    19 | D:5      | Reached XP level 3. HP: 17/28 MP: 3/3
    80 | D:5      | Found Orenasul's Antique Weapon Boutique.
    97 | D:5      | Noticed an ogre
    98 | D:5      | Noticed a wyvern
   100 | D:5      | Found Neobos's Assorted Antiques.
   104 | D:5      | Mangled by a wyvern

Illustrated notes

Levels and vault maps discovered:
D:5:      nicolae_BIG_FREAKIN_CUBE, layout_rooms, serial_shops,
          nicolae_square_shop, shop_statue, nicolae_shop_crystal,
          nicolae_diamond_shop, minmay_manual_mandibuliform

Skill      XL: |  1 |
---------------+----+-----
Stealth        | 8 |  8.2
Fighting       | |  2.9
Short Blades   | |  2.5
Dodging        | |  2.3

Action                     || total
---------------------------++-------
  Melee: Short sword       ||    21
         Bite              ||     2
    Use: Scroll            ||     1
 Armour: Leather armour    ||     3
  Dodge: Dodged            ||    14

Table legend: (Time is in decaauts)
 A = Elapsed time spent in this place.
 B = Non-inter-level travel time spent in this place.
 C = Inter-level travel time spent in this place.
 D = Time resting spent in this place.
 E = Time spent auto-exploring this place.
 F = Levels seen in this place.
 G = Mean time per level.
                   A        B        C        D        E       F      G
               +--------+--------+--------+--------+--------+-----+--------+
         Total |    101 |    101 |      0 |      0 |     64 |   1 |  101.0 |
       Dungeon |    101 |    101 |      0 |      0 |     64 |   1 |  101.0 |
               +--------+--------+--------+--------+--------+-----+--------+

Top non-repeatable levels by time:
     D:5: 101 daAuts
